 Dungeon Crawl Stone Soup version 0.31-a0-236-g9a0961fb85 (webtiles) character file.

Game seed: 11865130659047865324

408 qw the Shooter (level 6, -1/56 HPs)
             Began as a Minotaur Hexslinger on July 9, 2023.
             Was an Initiate of Okawaru.
             Slain by a lemure (4 damage)
             ... led by Pikel
             ... on level 4 of the Dungeon.
             The game lasted 00:01:02 (2610 turns).

qw the Shooter (Minotaur Hexslinger)                Turns: 2610, Time: 00:01:02

Health: -1/56      AC:  5    Str: 12    XL:     6   Next: 57%
Magic:  6/6        EV: 11    Int: 10    God:    Okawaru [......]
Gold:   198        SH:  0    Dex: 15    Spells: 6/7 levels left

rFire   . . .        Y - +4 arbalest (freeze)
rCold   . . .        (shield currently unavailable)
rNeg    . . .        d - +0 ring mail
rPois   .            (helmet restricted)
rElec   .            (no cloak)
rCorr   .            (no gloves)
SInv    .            (no boots)
Will    .....        (no amulet)
Stlth   +            (no ring)
HPRegen 0.29/turn    (no ring)
MPRegen 0.10/turn

%: no passive effects
@: no status effects
A: horns 2, retaliatory headbutt
a: Renounce Religion


You were on level 4 of the Dungeon.
You worshipped Okawaru.
Okawaru was noncommittal.
You visited 2 branches of the dungeon, and saw 5 of its levels.

You collected 198 gold pieces.


Innate Abilities, Weirdness & Mutations

You have a pair of horns on your head.
You reflexively headbutt those who attack you in melee.


   Skills:
 - Level 5.2 Fighting
 + Level 6.0 Ranged Weapons
 - Level 1.0 Armour
 - Level 2.1 Dodging
 - Level 1.0 Spellcasting
 - Level 2.0 Hexes


You had 6 spell levels left.
You knew the following spells:

 Your Spells              Type           Power      Damage    Failure   Level
a - Slow                  Hex            16%        N/A       34%         1

Your spell library contained the following spells:

 Spells                   Type           Power      Damage    Failure   Level
 Inner Flame              Hex/Fire       2%         N/A       83%         3
 Portal Projectile        Hex/Tloc       4%         N/A       83%         3
 Cause Fear               Hex            2%         N/A       98%         4

Inventory:

Hand Weapons
 Y - a +4 arbalest of freezing (weapon)
Armour
 d - a +0 ring mail (worn)
Scrolls
 h - a scroll of identify
Potions
 a - 3 potions of curing
 c - a potion of might
 j - 2 potions of heal wounds

Dungeon Overview and Level Annotations

Branches:
Dungeon (4/15)             Temple (1/1) D:4

Altars:
Ashenzari
Cheibriados
Dithmenos
Elyvilon
Fedhas
Gozag
Hepliaklqana
Kikubaaqudgha
Makhleb
Nemelex Xobeh
Okawaru
Qazlal
Ru
Trog
Uskayaw
Vehumet
Wu Jian
Xom
Yredelemnul
Zin

Annotations:
D:4 Pikel


Message History

Pikel freezes you.
You shoot a bolt. The bolt closely misses Pikel.
The bolt hits the iguana!!
The iguana seems to slow down.
The bolt freezes the iguana.
You kill the iguana!
Okawaru accepts your kill.
Pikel hits you with a +2 whip of freezing!
Pikel freezes you. The lemure closely misses you. The lemure barely misses you.
Pikel closely misses you. The lemure closely misses you.
The lemure barely misses you.
Your Ranged Weapons skill increases to level 6!
You shoot a bolt. The bolt hits Pikel!
The bolt freezes Pikel.
Pikel is severely wounded.
Pikel hits you with a +2 whip of freezing.
Pikel freezes you. The lemure closely misses you. The lemure hits you.
Pikel hits you with a +2 whip of freezing.
Pikel freezes you. The lemure misses you.
The lemure hits you but does no damage.
2607 ||| DRINKING 4 potions of heal wounds.
You feel much better.
Pikel hits you with a +2 whip of freezing!
Pikel freezes you. The lemure hits you. The lemure closely misses you.
You furiously retaliate!
You headbutt the lemure! You shoot a bolt. The bolt closely misses Pikel.
The bolt hits the orc!!
The bolt freezes the orc.
You kill the orc!
Okawaru accepts your kill.
Pikel hits you with a +2 whip of freezing.
Pikel freezes you. The lemure hits you. x2
2609 ||| DRINKING 3 potions of heal wounds.
You feel much better.
Pikel hits you with a +2 whip of freezing!
Pikel freezes you. The lemure closely misses you. The lemure barely misses you.
You shoot a bolt. The bolt barely misses Pikel.
The bolt hits the lemure!
The bolt freezes the lemure.
The lemure is severely wounded.
Pikel hits you with a +2 whip of freezing.
Pikel freezes you. The lemure hits you. The lemure barely misses you.
Pikel hits you with a +2 whip of freezing.
Pikel freezes you. The lemure hits you.
You die...

...
#.#................
...
#.#..........##....
...
#..................
...
##.................
...
#....>............
...
#.................
...
#.................
...
#.#########.......
.. #@# #.......
......5K5...#
.......5....#
............#
............#
............#
...........!#
............#


You could see Pikel and 3 lemures.

Vanquished Creatures
  Sigmund (D:4)
  A lemure (D:4)
  A hound (D:4)
  An iguana (D:4)
  2 orc wizards (D:4)
  A gnoll (D:1)
  4 adders
  A shadow imp (D:4)
  A worm (D:3)
  A dart slug (D:4)
  7 orcs
  7 bats
  6 endoplasms
  5 giant cockroaches
  3 goblins
  3 hobgoblins
  8 jackals
  A quokka (D:2)
  6 ball pythons
  2 frilled lizards (D:1)
  6 kobolds
  6 rats
74 creatures vanquished.

Notes
Turn   | Place    | Note
-------+----------+-------------------------------------------
     0 | D:1      | qw the Minotaur Hexslinger began the quest for the Orb.
     0 | D:1      | Reached XP level 1. HP: 16/16 MP: 1/1
     0 | D:1      | 0 ||| qw: Version: 0.3-a-51-g015441d
     0 | D:1      | 0 ||| qw: Game counter: 4409
     0 | D:1      | 0 ||| qw: Melee chars always use a shield: true
     0 | D:1      | 0 ||| qw: God list: Okawaru
     0 | D:1      | 0 ||| qw: Allow faded altars: false
     0 | D:1      | 0 ||| qw: Do Orc after clearing Dungeon:15 true
     0 | D:1      | 0 ||| qw: Do second Lair branch before Depths: true
     0 | D:1      | 0 ||| qw: Lair rune preference: random
     0 | D:1      | 0 ||| qw: Goals: Normal
     0 | D:1      | 0 ||| PLANNING D:1-11
    63 | D:1      | Reached skill level 3 in Ranged Weapons
    63 | D:1      | Reached XP level 2. HP: 23/23 MP: 2/2
   714 | D:1      | 714 ||| UPGRADING to +0 ring mail.
   724 | D:1      | 724 ||| DROPPING +0 robe.
   725 | D:1      | 725 ||| READING scroll labelled UCSATAWKOO.
   726 | D:1      | 726 ||| READING scroll labelled JOITOQ VABLAFEATZ.
   727 | D:1      | 727 ||| READING 2 scrolls labelled GUFORY TAOPS.
   728 | D:1      | 728 ||| READING scroll labelled HESASM SEGGUUNG.
   729 | D:1      | 729 ||| DROPPING scroll of poison.
   814 | D:2      | Reached XP level 3. HP: 29/29 MP: 3/3
   954 | D:2      | Reached skill level 4 in Ranged Weapons
   955 | D:2      | 955 ||| FLEEEEING.
   956 | D:2      | 956 ||| FLEEEEING.
   957 | D:2      | 957 ||| FLEEEEING.
   958 | D:2      | 958 ||| FLEEEEING.
   959 | D:2      | 959 ||| FLEEEEING.
   960 | D:2      | 960 ||| FLEEEEING.
   961 | D:2      | 961 ||| FLEEEEING.
   962 | D:2      | 962 ||| FLEEEEING.
   963 | D:2      | 963 ||| FLEEEEING.
   964 | D:2      | 964 ||| FLEEEEING.
   965 | D:2      | 965 ||| FLEEEEING.
   966 | D:2      | 966 ||| FLEEEEING.
   967 | D:2      | 967 ||| FLEEEEING.
   968 | D:2      | 968 ||| FLEEEEING.
   969 | D:2      | 969 ||| FLEEEEING.
   970 | D:2      | 970 ||| FLEEEEING.
   971 | D:2      | 971 ||| FLEEEEING.
   972 | D:2      | 972 ||| FLEEEEING.
   973 | D:2      | 973 ||| FLEEEEING.
   974 | D:2      | 974 ||| FLEEEEING.
   975 | D:2      | 975 ||| FLEEEEING.
   976 | D:2      | 976 ||| FLEEEEING.
   977 | D:2      | 977 ||| STAIRDANCE
   988 | D:1      | 988 ||| READING 2 scrolls of identify.
   988 | D:1      | 988 ||| IDENTIFYING murky ruby potion
  1066 | D:2      | Reached skill level 1 in Armour
  1268 | D:2      | 1268 ||| READING scroll labelled TELEOS BOMECH.
  1268 | D:2      | Identified a scroll of acquirement
  1268 | D:2      | 1268 ||| ACQUIRING +4 arbalest of freezing
  1268 | D:2      | Acquired a +4 arbalest of freezing
  1270 | D:2      | 1270 ||| SWAPPING to +4 arbalest of freezing.
  1271 | D:2      | 1271 ||| DROPPING +2 sling.
  1272 | D:2      | 1272 ||| READING scroll labelled ASSOBLUOLYLE.
  1273 | D:2      | 1273 ||| READING 3 scrolls of identify.
  1273 | D:2      | 1273 ||| IDENTIFYING sapphire potion
  1274 | D:2      | 1274 ||| READING 2 scrolls of identify.
  1274 | D:2      | 1274 ||| IDENTIFYING murky orange potion
  1275 | D:2      | 1275 ||| DROPPING potion of invisibility.
  1335 | D:3      | 1335 ||| FLEEEEING.
  1336 | D:3      | 1336 ||| FLEEEEING.
  1340 | D:3      | 1340 ||| FLEEEEING.
  1341 | D:3      | 1341 ||| FLEEEEING.
  1342 | D:3      | 1342 ||| FLEEEEING.
  1343 | D:3      | 1343 ||| FLEEEEING.
  1344 | D:3      | 1344 ||| FLEEEEING.
  1345 | D:3      | 1345 ||| FLEEEEING.
  1346 | D:3      | 1346 ||| FLEEEEING.
  1354 | D:3      | 1354 ||| FLEEEEING.
  1355 | D:3      | 1355 ||| FLEEEEING.
  1356 | D:3      | 1356 ||| STAIRDANCE
  1376 | D:3      | Reached XP level 4. HP: 36/36 MP: 4/4
  1775 | D:3      | Found an opulent altar of Gozag.
  1775 | D:3      | Found a hide-covered altar of Uskayaw.
  1775 | D:3      | Found a bloodstained altar of Trog.
  1907 | D:3      | Found an ornate altar of the Wu Jian Council.
  1952 | D:3      | 1952 ||| READING scroll labelled QOEMACRACK.
  2024 | D:4      | Reached skill level 5 in Ranged Weapons
  2108 | D:4      | 2108 ||| FLEEEEING.
  2144 | D:4      | Reached XP level 5. HP: 42/42 MP: 5/5
  2146 | D:4      | Found a staircase to the Ecumenical Temple.
  2146 | D:4      | Noticed Sigmund
  2147 | D:4      | 2147 ||| PLANNING TEMPLE
  2150 | D:4      | Killed Sigmund
  2151 | D:4      | Reached XP level 6. HP: 52/56 MP: 6/6
  2163 | D:4      | 2163 ||| READING 2 scrolls labelled WADINA JAVOOVA.
  2164 | D:4      | 2164 ||| READING scroll labelled VYKOQYTECW.
  2168 | D:4      | 2168 ||| DROPPING scroll of amnesia.
  2173 | Temple   | Entered the Ecumenical Temple
  2288 | Temple   | 2288 ||| PLANNING OKAWARU WORSHIP
  2366 | Temple   | Became a worshipper of Warmaster Okawaru
  2367 | Temple   | 2367 ||| PLANNING D:1-11
  2598 | D:4      | Noticed Pikel
  2606 | D:4      | Reached skill level 6 in Ranged Weapons
  2606 | D:4      | HP: 14/56 [Pikel/+2 whip of freezing (1)]
  2607 | D:4      | 2607 ||| DRINKING 4 potions of heal wounds.
  2609 | D:4      | 2609 ||| DRINKING 3 potions of heal wounds.
  2610 | D:4      | HP: 5/56 [lemure[Pikel] (6)]
  2610 | D:4      | Slain by a lemure

Levels and vault maps discovered:
D:1:      dpeg_arrival_boxes_within_box, layout_loops_ring
D:2:      layout_rooms, grunt_ministairs_15
D:3:      layout_basic, nicolae_wu_jian_immortal_techniques,
          gammafunk_temple_overflow_claw
D:4:      layout_basic, minmay_temple_entry_large_hall, uniq_sigmund, uniq_pikel
Temple:   eino_temple_rhombus

Skill      XL: |  1  2  3  4  5  6 |
---------------+-------------------+-----
Ranged Weapons | 3 4 5 6 |  6.0
Fighting       | 2 5 |  5.2
Armour         | 1 |  1.0
Dodging        | |  2.1
Spellcasting   | |  1.0
Hexes          | |  2.0

Action                     |  1- 3 |  4- 6 || total
---------------------------+-------+-------++-------
   Fire: Sling             |    88 |       ||    88
         Arbalest          |    10 |    69 ||    79
    Use: Scroll            |     9 |     3 ||    12
         Potion            |       |     2 ||     2
 Armour: Robe              |     5 |       ||     5
         Ring mail         |     9 |    20 ||    29
  Dodge: Dodged            |    26 |    47 ||    73

Table legend:
 A = Non-vault XP
 B = Vault XP
 C = Vault XP percentage of total XP
 D = Non-vault monster count
 E = Vault monster count
 F = Vault count percentage of total count
                 A         B        C        D         E       F
            +---------+---------+-------+---------+---------+-------
      Total |     342 |     242 |  41.4 |      70 |       3 |   4.1
            +---------+---------+-------+---------+---------+-------
        D:1 |      40 |       0 |   0.0 |      18 |       0 |   0.0
        D:2 |      41 |       3 |   6.8 |      17 |       2 |  10.5
        D:3 |      50 |       0 |   0.0 |      18 |       0 |   0.0
        D:4 |     211 |     239 |  53.1 |      17 |       1 |   5.6
            +---------+---------+-------+---------+---------+-------
